 Dungeon Crawl Stone Soup version 0.19.5 (webtiles) character file.

420 BunnyWarlock the Shield-Bearer (level 7, 0/54 HPs)
             Began as a Human Fighter on Mar 25, 2017.
             Succumbed to Sigmund's poison
             ... on level 3 of the Dungeon.
             The game lasted 00:30:58 (2047 turns).

BunnyWarlock the Shield-Bearer (Human Fighter)      Turns: 2047, Time: 00:30:59

Health: 0/54       AC:  9    Str: 20    XL:     7   Next: 16%
Magic:  7/7        EV: 10    Int:  9    God:
Gold:   61         SH:  9    Dex: 13    Spells: 0 memorised, 6 levels left

rFire  . . .     SeeInvis .     v - +2 trident (protect)
rCold  . . .     Gourm    .     G - +0 scale mail (curse)
rNeg   . . .     Faith    .     c - +0 shield
rPois  .         Spirit   .     y - +0 helmet
rElec  .         Reflect  .     (no cloak)
rCorr  .         Harm     .     (no gloves)
MR     .....                    p - +0 pair of boots
Stlth  ..........               (no amulet)
                                N - +3 ring of strength
                                r - +2 ring of evasion

@: lethally poisoned (0 -> -9), slowed, studying Hexes, very slow
A: no striking features
a: no special abilities


You were on level 3 of the Dungeon.
You were hungry.

You visited 1 branch of the dungeon, and saw 3 of its levels.

You collected 61 gold pieces.

Inventory:

Hand Weapons
 a - a +0 flail
 e - a +0 dagger
 g - a +0 hand axe
 h - a +0 short sword
 j - a +0 club
 m - a +0 dagger
 n - a cursed +0 dagger
 s - a +0 spear
 t - a +0 dagger
 v - a +2 trident of protection (weapon)
 K - a +0 shortbow
 M - a cursed -1 hunting sling
Missiles
 i - 120 stones (quivered)
 l - 8 poisoned needles
 o - 43 arrows
 C - 17 bolts
Armour
 b - a +0 scale mail
 c - a +0 shield (worn)
 d - a +0 animal skin
 p - a +0 pair of boots (worn)
 q - a +0 helmet
 u - a +0 robe
 w - a +0 robe
 y - a +0 helmet (worn)
 z - a +0 ring mail
 D - a +0 robe
 G - a cursed +0 scale mail (worn)
Jewellery
 r - a +2 ring of evasion (left hand)
 N - a +3 ring of strength (right hand)
Potions
 A - a potion of flight {unknown}
 B - a potion of brilliance {unknown}
 E - 2 potions of curing
 F - a potion of cancellation {unknown}
 O - a potion of agility {unknown}
 P - a potion of heal wounds {unknown}
Books
 L - a manual of Hexes
Comestibles
 f - 4 bread rations
 k - 3 fruits
 x - 2 beef jerkies
 H - 2 chunks of flesh
 I - a royal jelly
 J - a slice of pizza


   Skills:
 + Level 4.0 Fighting
 + Level 2.2 Maces & Flails
 + Level 3.9 Polearms
 + Level 0.8 Throwing
 + Level 4.0 Armour
 + Level 1.5 Dodging
 + Level 0.4 Stealth
 + Level 4.1 Shields


You had 6 spell levels left.
You didn't know any spells.

Dungeon Overview and Level Annotations

Branches:
Dungeon (3/15)

Altars:
Elyvilon
Uskayaw
Vehumet
Zin

Annotations:
D:3 Sigmund


Message History

You feel sick. Something completely misses you.
You feel sick.
You feel sick.
You hear a zap.
You feel as though you will be slow longer.
You feel sick.
A puff of flame appears from out of thin air!
The puff of flame misses you.
A puff of flame appears from out of thin air!
The puff of flame hits you!
* * * LOW HITPOINT WARNING * * *
You feel sick.
You feel sick.
You feel sick.
You feel sick. Something hits you.
* * * LOW HITPOINT WARNING * * *
You are more poisoned.
* * * LOW HITPOINT WARNING * * *
You feel sick.
You die...

#..........#
#.#.....#..####
#...._.....))..
#.#.....#.>####
#.........## #
#.#.⌠.⌠.#.# #
#.........# #
########.#.....#.# ##
#....@............# #.
#.##########.##.#.....
#.# ########.# ...###.
#.# #......... . .....
#.# #.########. #####
##.###.# #......#
##.##..# ####..# #..#


There were no monsters in sight!

Vanquished Creatures
  Grinder (D:3)
  Natasha (thrice) (D:3)
  Robin (D:2)
  A gnoll (D:1)
  2 adders (D:3)
  3 oozes (D:1)
  5 worms
  A dart slug (D:1)
  3 leopard geckos
  An orc (D:3)
  11 bats
  2 giant cockroaches
  19 goblins
  6 hobgoblins
  4 jackals
  6 frilled lizards
  6 kobolds
  8 rats
83 creatures vanquished.

Notes
Turn   | Place    | Note
-------+----------+-------------------------------------------
     0 | D:1      | BunnyWarlock the Human Fighter began the quest for the Orb.
     0 | D:1      | Reached XP level 1. HP: 18/18 MP: 1/1
    79 | D:1      | Reached XP level 2. HP: 21/24 MP: 2/2
   160 | D:1      | Reached XP level 3. HP: 26/29 MP: 3/3
   574 | D:1      | Reached XP level 4. HP: 23/35 MP: 4/4
   685 | D:2      | Found a radiant altar of Vehumet.
   764 | D:2      | Noticed Robin
   773 | D:2      | Reached skill level 1 in Polearms
   806 | D:2      | Killed Robin
  1025 | D:2      | Reached XP level 5. HP: 41/42 MP: 5/5
  1144 | D:2      | Found a glowing silver altar of Zin.
  1282 | D:3      | Noticed Grinder
  1302 | D:3      | Paralysed by Grinder for 6 turns
  1314 | D:3      | Killed Grinder
  1314 | D:3      | Reached skill level 1 in Dodging
  1314 | D:3      | Reached XP level 6. HP: 14/48 MP: 6/6
  1548 | D:3      | Found a hide-covered altar of Uskayaw.
  1624 | D:3      | Noticed Natasha
  1634 | D:3      | Killed Natasha
  1820 | D:3      | Noticed Natasha
  1829 | D:3      | Killed Natasha
  1829 | D:3      | Reached XP level 7. HP: 47/54 MP: 7/7
  1850 | D:3      | Noticed Natasha
  1862 | D:3      | Killed Natasha
  1931 | D:3      | Found a white marble altar of Elyvilon.
  2008 | D:3      | Noticed Sigmund
  2046 | D:3      | HP: 1/54 [poisoned by Sigmund]
  2047 | D:3      | Succumbed to Sigmund's poison

Skill      XL: |  1  2  3  4  5  6 |
---------------+-------------------+-----
Polearms       | 1 3 |  3.9
Dodging        | 1 |  1.5
Shields        | 4 |  4.1
Fighting       | 4 |  4.0
Armour         | 4 |  4.0
Maces & Flails | |  2.2
Throwing       | |  0.8
Stealth        | |  0.4

Action                   |  1- 3 |  4- 6 |  7- 9 || total
-------------------------+-------+-------+-------++-------
Melee: Flail             |    76 |       |       ||    76
       Spear             |    22 |    27 |       ||    49
       Trident           |       |   186 |    36 ||   222
Throw: Stone             |     7 |    12 |     3 ||    22
  Use: Potion            |       |     1 |       ||     1
       Scroll            |       |       |     2 ||     2
  Eat: Chunk             |       |     4 |       ||     4
Armor: Scale mail        |    49 |   119 |     8 ||   176
Dodge: Dodged            |    28 |    79 |    11 ||   118
Block: Shield            |    56 |   104 |    16 ||   176
